Map: Forgotten Sanctuary

Players

electioneer - Winner!

  • Race: Terran Terran
  • Spawn Location: 6:00

Packman - Winner!

  • Race: Protoss Protoss
  • Spawn Location: 3:00

TheBard - Winner!

  • Race: Protoss Protoss
  • Spawn Location: 3:00

Timothy - Winner!

  • Race: Terran Terran
  • Spawn Location: 6:00

OSHO

  • Race: Zerg Zerg
  • Spawn Location: 12:00

darklobos

  • Race: Protoss Protoss
  • Spawn Location: 9:00

DANTE

  • Race: Terran Terran
  • Spawn Location: 9:00

Infamous

  • Race: Protoss Protoss
  • League: Silver
  • Spawn Location: 12:00

VOD

Have the link to the VOD?

Description

Time

  • Played on: March 13, 2018, 12:51 p.m.
  • Length: 16:43
Show
View Real Time Build Order
Export as new Build Order

electioneer Terran - Winner!

Build Orders:  

Get SALT Encoding   

  12  1:38  SCV  
  13  1:46  Supply Depot  
  13  1:50  SCV  
  13  1:53  Command Center  
  14  2:05  SCV  
  15  2:22  Barracks  
  15  2:28  SCV  
  16  2:36  Barracks, Refinery  
  16  3:07  SCV  
  16  3:12  Marine  
  18  3:19  SCV  
  19  3:21  Refinery  
  19  3:22  Marine  
  20  3:29  Marine  
  20  3:31  SCV x2  
  23  3:40  Marine  
  24  3:43  SCV  
  24  3:47  Marine, Factory  
  26  3:58  Marine  
  26  4:02  SCV  
  28  4:05  Marine  
  29  4:14  SCV  
  29  4:16  Marine  
  31  4:22  Engineering Bay  
  31  4:23  Marine  
  32  4:31  Factory Tech Lab  
  32  4:33  Marine  
  33  4:39  Starport  
  33  4:41  Marine, Engineering Bay  
  34  4:51  Marine, SCV  
  36  4:54  Terran Infantry Weapons Level 1  
  36  4:59  Marine  
  37  5:06  Armory  
  37  5:16  SCV  
  38  5:33  Orbital Command  
  38  5:37  Supply Depot  
  38  5:47  Planetary Fortress  
  38  5:54  Barracks Tech Lab  
  38  5:59  Marine, Starport Reactor  
  38  6:04  Widow Mine  
  41  6:11  Supply Depot  
  41  6:15  Missile Turret, SCV, Refinery  
  41  6:17  Marine  
  43  6:18  Marine  
  44  6:32  Siege Tank  
  47  6:34  Marine  
  47  6:36  Marine, Medivac  
  47  6:38  SCV  
  52  6:52  Marine  
  53  6:54  Marine  
  54  7:22  Marine x2, Siege Tank, SCV  
  60  7:39  Marine x2  
  51  7:54  Siege Tank  
  51  7:57  Marine x2, Terran Vehicle And Ship Armor Level 1  
  54  8:02  Missile Turret  
  54  8:03  SCV  
  55  8:06  Viking  
  57  8:15  Marine x2, SCV  
  57  8:16  Refinery  
  60  8:21  Medivac  
  60  8:23  Missile Turret  
  62  8:29  SCV x2  
  62  8:30  Supply Depot  
  62  8:32  Thor  
  70  8:38  Supply Depot  
  70  8:50  Missile Turret  
  70  8:51  Marine x2, SCV  
  73  9:03  SCV  
  73  9:09  Marine x2  
  71  9:10  Supply Depot  
  61  9:24  Thor  
  48  9:26  Medivac  
  48  9:27  Marine x2  
  58  9:36  Armory  
  58  9:41  Terran Infantry Armor Level 1  
  58  9:44  Marine x2, Medivac  
  62  9:52  Terran Vehicle Weapons Level 1  
  62  10:02  Marine x2  
  62  10:20  Marine, Thor  
  62  10:21  Marine  
  69  10:22  Medivac  
  72  10:35  Terran Vehicle And Ship Armor Level 2  
  72  10:38  Marine  
  72  10:39  Marine  
  74  10:43  Supply Depot  
  74  10:56  Marine  
  74  10:57  Marine  
  76  11:08  Thor  
  82  11:14  Marine x2  
  82  11:17  Missile Turret  
  84  11:25  SCV  
  85  11:31  Marine  
  85  11:32  Supply Depot, Marine  
  79  11:39  Medivac  
  81  11:47  Missile Turret  
  81  11:49  Marine  
  81  11:50  Marine  
  81  11:51  Thor  
  88  12:07  Marine  
  88  12:08  Marine  
  75  12:25  Marine  
  75  12:26  Marine  
  71  12:30  SCV  
  71  12:34  Thor  
  78  12:42  SCV  
  78  12:43  Marine x2, Command Center  
  81  13:00  Marine  
  81  13:01  Marine  
  77  13:11  Missile Turret  
  77  13:14  Missile Turret  
  77  13:16  Terran Vehicle Weapons Level 2  
  77  13:18  Marine  
  77  13:19  Marine  
  79  13:36  Marine  
  79  13:37  Marine  
  79  13:38  Thor  
  79  13:39  Medivac  
  89  13:54  Marine  
  89  13:55  Marine  
  77  14:12  Marine x2  
  77  14:15  Medivac  
  63  14:18  SCV  
  63  14:21  SCV, Thor  
  71  14:29  Marine  
  71  14:30  Marine  
  73  14:33  Medivac  
  75  14:47  Marine  
  75  14:48  Marine  
  77  15:03  Thor, Armory  
  77  15:05  Marine  
  77  15:06  Marine, Medivac  
  87  15:19  Orbital Command  
  87  15:22  Refinery  
  87  15:23  Marine  
  87  15:24  Marine  
  89  15:35  SCV  
  90  15:45  Marine x2  
  90  15:47  Siege Tank  
  95  16:02  Marine  
  95  16:03  Marine  
  97  16:20  Marine  
Show
View Real Time Build Order
Export as new Build Order

Packman Protoss - Winner!

Build Orders:  

Get SALT Encoding   

  12  0:02  Probe (Chrono Boost)  
  14  0:14  Probe (Chrono Boost)  
  14  0:20  Probe (Chrono Boost)  
  15  0:26  Pylon  
  15  0:44  Probe  
  16  0:52  Forge  
  16  0:58  Probe (Chrono Boost)  
  17  1:10  Probe (Chrono Boost)  
  18  1:27  Photon Cannon  
  18  1:34  Photon Cannon  
  18  1:44  Gateway  
  18  1:56  Pylon  
  18  2:03  Pylon  
  18  2:06  Probe (Chrono Boost)  
  20  2:16  Probe (Chrono Boost)  
  20  2:21  Probe (Chrono Boost)  
  20  2:22  Photon Cannon  
  17  3:03  Photon Cannon  
  17  3:04  Pylon  
  17  3:09  Pylon  
  17  3:25  Nexus  
  17  3:31  Assimilator  
  17  3:36  Probe (Chrono Boost), Assimilator  
  17  3:40  Assimilator  
  18  3:46  Probe (Chrono Boost), Assimilator  
  19  3:51  Probe (Chrono Boost)  
  20  4:02  Probe  
  21  4:10  Cybernetics Core  
  21  4:15  Probe (Chrono Boost)  
  23  4:25  Probe (Chrono Boost)  
  23  4:30  Probe (Chrono Boost)  
  24  4:52  Stargate  
  24  4:54  Probe (Chrono Boost)  
  26  5:03  Probe (Chrono Boost)  
  26  5:04  Probe (Chrono Boost)  
  27  5:07  Stargate  
  27  5:08  Probe (Chrono Boost)  
  27  5:11  Probe  
  27  5:12  Pylon  
  29  5:23  Probe (Chrono Boost)  
  29  5:28  Probe (Chrono Boost)  
  31  5:31  Protoss Air Weapons Level 1  
  31  5:34  Probe (Chrono Boost)  
  32  5:37  Protoss Shields Level 1  
  32  5:39  Probe x2 (Chrono Boost)  
  34  5:48  Probe  
  35  5:50  Void Ray (Chrono Boost)  
  43  6:13  Void Ray (Chrono Boost)  
  43  6:20  Stargate  
  43  6:53  Void Ray x2  
  51  6:56  Nexus  
  51  6:59  Assimilator  
  51  7:04  Assimilator  
  51  7:10  Pylon  
  51  7:15  Pylon  
  51  7:40  Photon Cannon  
  51  7:41  Photon Cannon  
  51  7:46  Photon Cannon  
  51  7:48  Photon Cannon  
  51  7:49  Protoss Air Armor Level 1  
  51  7:50  Void Ray  
  51  7:51  Void Ray  
  35  9:39  Void Ray x3  
  47  9:48  Stargate  
  47  9:49  Stargate  
  47  9:51  Probe (Chrono Boost)  
  48  9:59  Pylon  
  49  10:01  Probe (Chrono Boost)  
  49  10:05  Probe (Chrono Boost)  
  50  10:16  Fleet Beacon  
  50  10:17  Probe  
  51  10:28  Void Ray x3  
  59  10:31  Void Ray  
  59  10:33  Void Ray  
  71  10:45  Probe (Chrono Boost)  
  72  10:56  Probe (Chrono Boost)  
  73  11:01  Probe (Chrono Boost)  
  74  11:11  Probe  
  75  11:20  Protoss Air Weapons Level 2 (Chrono Boost)  
  75  11:21  Cybernetics Core  
  75  11:28  Void Ray x2  
  83  11:47  Void Ray x2  
  87  12:52  Void Ray x3  
  87  12:54  Void Ray  
  87  12:56  Void Ray  
  107  13:00  Protoss Air Armor Level 2  
  99  14:14  Void Ray x2  
  107  14:31  Void Ray  
  107  15:20  Probe (Chrono Boost)  
  108  15:29  Pylon  
  108  15:30  Probe (Chrono Boost), Pylon  
  108  15:32  Pylon  
  108  15:35  Pylon  
  109  15:38  Pylon  
  109  15:40  Pylon  
  109  15:42  Pylon  
  109  15:45  Pylon  
  109  15:46  Void Ray  
  109  15:47  Probe  
  109  15:48  Void Ray  
  118  15:59  Probe  
  119  16:11  Probe  
Show
View Real Time Build Order
Export as new Build Order

TheBard Protoss - Winner!

Build Orders:  

Get SALT Encoding   

  12  0:03  Probe (Chrono Boost)  
  14  0:14  Probe (Chrono Boost)  
  14  0:21  Pylon  
  14  0:28  Probe  
  15  0:40  Probe  
  16  0:48  Gateway  
  16  0:52  Probe  
  17  0:59  Forge  
  17  1:11  Pylon  
  17  1:22  Probe  
  18  1:27  Assimilator  
  18  1:33  Assimilator  
  18  1:34  Probe  
  18  1:39  Photon Cannon  
  19  1:53  Cybernetics Core  
  19  2:11  Probe  
  20  2:23  Probe (Chrono Boost)  
  21  2:35  Probe (Chrono Boost)  
  22  2:41  Probe (Chrono Boost)  
  23  3:05  Pylon  
  23  3:21  Pylon  
  23  3:46  Photon Cannon  
  23  3:50  Photon Cannon  
  23  3:56  Photon Cannon  
  23  4:08  Stargate  
  23  4:09  Stargate  
  23  4:10  Stargate  
  23  5:21  Void Ray x3  
  35  5:40  Nexus  
  35  6:43  Nexus  
  35  6:44  Void Ray  
  35  6:45  Void Ray  
  43  6:48  Void Ray  
  39  9:34  Void Ray x3 (Chrono Boost)  
  35  9:57  Protoss Air Weapons Level 1  
  35  10:10  Void Ray x3  
  47  10:24  Assimilator  
  47  10:26  Probe (Chrono Boost)  
  49  10:37  Probe (Chrono Boost)  
  49  10:38  Probe (Chrono Boost)  
  50  10:46  Probe x2 (Chrono Boost)  
  50  10:49  Assimilator  
  52  10:50  Probe (Chrono Boost)  
  52  10:53  Probe, Void Ray  
  58  11:01  Probe  
  59  11:05  Probe  
  59  11:07  Fleet Beacon  
  60  11:11  Twilight Council  
  60  11:13  Probe  
  60  11:16  Pylon  
  61  11:25  Nexus  
  61  11:31  Pylon  
  61  11:32  Pylon  
  61  11:39  Void Ray x2  
  69  11:45  Cybernetics Core  
  69  11:55  Probe (Chrono Boost)  
  70  12:05  Probe (Chrono Boost)  
  70  12:07  Photon Cannon  
  71  12:09  Photon Cannon  
  71  12:12  Photon Cannon  
  71  12:14  Photon Cannon  
  71  13:46  Probe (Chrono Boost)  
  73  13:57  Probe (Chrono Boost)  
  73  14:01  Probe (Chrono Boost)  
  74  14:13  Probe  
  75  14:25  Probe  
  76  15:03  Void Ray  
  76  15:04  Void Ray x2  
  88  15:52  Probe (Chrono Boost)  
  88  15:53  Assimilator  
  89  16:00  Assimilator  
  89  16:02  Probe (Chrono Boost)  
  90  16:07  Probe (Chrono Boost)  
  91  16:18  Probe  
Show
View Real Time Build Order
Export as new Build Order

Timothy Terran - Winner!

Build Orders:  

Get SALT Encoding   

  12  0:01  SCV  
  13  0:14  SCV  
  14  0:21  Supply Depot  
  14  0:26  SCV  
  15  0:43  SCV  
  15  0:47  Barracks  
  16  0:50  Refinery  
  16  0:54  Refinery  
  16  0:56  SCV  
  17  1:11  SCV  
  18  1:28  SCV  
  19  1:37  Supply Depot  
  19  1:49  Factory  
  19  1:52  Barracks Tech Lab  
  19  1:54  Orbital Command  
  19  2:20  SCV  
  20  2:32  SCV  
  21  2:41  Siege Tank  
  24  2:50  SCV  
  25  3:19  Siege Tank  
  28  3:27  Engineering Bay  
  28  3:41  SCV  
  29  3:53  SCV  
  30  4:01  Command Center  
  30  4:03  Command Center  
  30  4:10  SCV  
  31  4:22  Command Center  
  31  4:24  Hi-Sec Auto Tracking  
  31  4:29  Starport  
  31  4:53  Supply Depot  
  31  5:03  Starport  
  31  5:08  Starport  
  31  5:11  Starport  
  31  5:13  SCV, Starport Tech Lab  
  32  5:36  Orbital Command x2  
  32  5:41  Orbital Command  
  32  5:59  Refinery  
  32  6:22  Refinery  
  32  6:31  SCV  
  33  6:32  Refinery  
  33  6:33  SCV  
  33  6:35  SCV  
  35  6:40  Starport Tech Lab x3  
  35  6:43  Fusion Core, SCV  
  35  6:45  SCV  
  37  6:47  SCV  
  38  6:59  SCV  
  39  7:05  Refinery  
  39  7:07  Refinery  
  39  7:12  SCV  
  39  7:15  Refinery  
  40  7:16  SCV  
  41  7:24  SCV  
  41  7:28  SCV  
  43  7:31  Battlecruiser  
  43  7:32  Battlecruiser x3  
  67  7:54  Supply Depot  
  67  7:55  Supply Depot  
  67  8:16  Supply Depot  
  67  8:19  Supply Depot  
  67  8:20  SCV  
  68  9:03  Battlecruiser  
  68  9:04  Battlecruiser  
  68  9:05  Battlecruiser x2  
  68  9:06  Weapon Refit  
  92  9:25  Supply Depot  
  92  9:26  Supply Depot  
  92  10:08  Battlecruiser x2  
  92  10:09  Battlecruiser  
  110  10:22  Battlecruiser  
  116  11:09  Supply Depot  
  116  11:12  Battlecruiser  
  122  11:24  Supply Depot  
  122  11:31  Battlecruiser  
  128  11:45  Battlecruiser  
  134  11:48  Supply Depot  
  104  12:49  Battlecruiser x2  
  104  12:51  Battlecruiser x2  
  128  14:49  Battlecruiser x3  
  146  15:19  Battlecruiser  
Show
View Real Time Build Order
Export as new Build Order

OSHO Zerg 

Build Orders: Pool First 

Get SALT Encoding   

  12  1:04  Drone x2  
  12  1:07  Overlord  
  14  1:21  Overlord  
  14  1:36  Drone  
  15  1:44  Spawning Pool  
  14  2:16  Drone x3  
  14  2:21  Hatchery  
  16  2:31  Hatchery  
  16  2:34  Drone  
  16  2:40  Extractor  
  16  2:41  Extractor, Drone  
  15  2:50  Drone  
  16  3:05  Drone  
  17  3:14  Queen  
  17  3:18  Drone  
  20  3:31  Drone  
  21  3:42  Hatchery  
  20  4:27  Drone x2  
  20  4:28  Drone  
  23  4:33  Zergling x6  
  26  5:21  Drone x3  
  29  6:04  Queen x2  
  29  6:49  Zergling x6  
  3  10:08  Hatchery  
  2  10:18  Hatchery  
  1  12:43  Drone x3  
  4  12:48  Drone x3  
  7  13:02  Spawning Pool  
  6  13:26  Drone  
  9  13:27  Drone x2  
Show
View Real Time Build Order
Export as new Build Order

darklobos Protoss 

Build Orders:  

Get SALT Encoding   

  12  0:23  Probe  
  12  0:25  Pylon  
  13  0:35  Probe  
  14  0:47  Probe  
  15  1:07  Gateway  
  15  1:08  Probe  
  16  1:16  Assimilator  
  16  1:20  Probe, Assimilator  
  17  1:32  Probe  
  18  1:44  Probe  
  19  1:56  Probe  
  19  1:57  Nexus  
  20  2:02  Assimilator  
  20  2:07  Assimilator  
  20  2:09  Probe (Chrono Boost)  
  21  2:19  Probe (Chrono Boost)  
  22  2:24  Probe (Chrono Boost)  
  23  2:40  Pylon  
  23  2:47  Cybernetics Core  
  23  2:53  Pylon  
  23  2:58  Probe (Chrono Boost)  
  23  3:01  Pylon  
  24  3:10  Probe (Chrono Boost)  
  26  3:14  Probe (Chrono Boost)  
  26  3:19  Probe (Chrono Boost)  
  27  3:21  Probe (Chrono Boost)  
  27  3:26  Probe x2 (Chrono Boost)  
  30  3:38  Probe (Chrono Boost)  
  32  3:42  Probe (Chrono Boost)  
  32  3:48  Probe (Chrono Boost)  
  33  3:52  Probe (Chrono Boost)  
  33  3:53  Probe (Chrono Boost)  
  35  3:57  Stargate  
  35  4:00  Stargate  
  35  4:04  Probe  
  35  4:05  Probe  
  37  4:16  Probe  
  38  4:17  Probe  
  39  4:28  Probe  
  39  4:29  Probe  
  41  4:37  Pylon  
  41  4:41  Probe  
  41  4:42  Void Ray x2 (Chrono Boost)  
  50  4:53  Probe  
  51  5:14  Fleet Beacon  
  51  5:18  Pylon  
  51  5:21  Pylon  
  51  5:25  Pylon  
  51  5:31  Void Ray x2 (Chrono Boost)  
  59  5:45  Probe  
  60  5:55  Forge  
  60  5:57  Probe  
  60  6:04  Nexus  
  61  6:07  Assimilator  
  61  6:09  Probe, Assimilator  
  62  6:13  Tempest x2 (Chrono Boost)  
  74  6:24  Mothership (Chrono Boost)  
  82  6:35  Photon Cannon  
  82  6:37  Photon Cannon  
  82  6:41  Photon Cannon  
  82  6:44  Photon Cannon  
  82  6:51  Photon Cannon  
  82  6:57  Shield Battery  
  82  7:05  Shield Battery  
  82  7:10  Pylon  
  82  7:28  Carrier (Chrono Boost)  
  94  7:38  Carrier (Chrono Boost)  
  94  7:51  Forge  
  94  8:09  Pylon  
  94  8:19  Shield Battery  
  94  8:23  Stargate  
  94  8:24  Stargate  
  94  8:27  Stargate  
  94  8:31  Stargate  
  94  8:38  Anion Pulse-Crystals  
  94  9:38  Mothership (Chrono Boost)  
  86  9:42  Graviton Catapult  
  95  9:52  Probe  
  95  9:57  Tempest x3  
  95  9:59  Void Ray  
  117  10:04  Probe  
  118  10:17  Probe  
  119  10:27  Void Ray  
  119  10:30  Pylon x2  
  119  10:33  Pylon  
  119  10:36  Pylon  
  123  10:47  Void Ray x2  
  123  10:49  Pylon  
  131  10:50  Pylon  
  131  10:52  Pylon  
  131  10:58  Photon Cannon  
  131  11:00  Photon Cannon  
  131  11:01  Photon Cannon  
  131  11:02  Photon Cannon  
  131  11:06  Photon Cannon  
  131  11:08  Photon Cannon  
  131  11:10  Photon Cannon  
  131  11:14  Photon Cannon  
  131  11:16  Photon Cannon  
  131  11:22  Shield Battery  
  131  11:24  Shield Battery  
  85  12:36  Void Ray (Chrono Boost)  
  83  12:37  Void Ray x2 (Chrono Boost)  
  83  12:38  Void Ray x2 (Chrono Boost)  
Show
View Real Time Build Order
Export as new Build Order

DANTE Terran 

Build Orders:  

Get SALT Encoding   

  12  0:18  SCV  
  13  0:30  SCV  
  14  0:42  SCV  
  15  0:55  Supply Depot  
  15  1:16  SCV  
  15  1:17  Supply Depot, Refinery  
  16  1:28  SCV  
  17  1:35  Refinery  
  17  1:39  Supply Depot  
  17  1:40  SCV  
  18  1:52  SCV  
  19  2:02  Supply Depot  
  19  2:05  SCV  
  20  2:17  SCV  
  20  2:20  Barracks  
  21  2:29  SCV  
  22  2:41  SCV  
  23  2:53  SCV  
  24  3:05  SCV  
  25  3:17  Factory, SCV  
  26  3:29  Barracks Tech Lab, Command Center, SCV  
  27  3:41  SCV  
  28  4:02  Factory, Engineering Bay  
  28  4:14  Armory  
  28  4:20  Factory Tech Lab  
  28  4:42  Refinery  
  28  4:43  Siege Tank  
  31  4:49  Orbital Command  
  31  4:53  Orbital Command  
  31  5:02  Armory  
  31  5:04  Factory Tech Lab  
  31  5:09  Refinery  
  31  5:38  Starport  
  31  5:40  SCV  
  32  5:44  SCV  
  33  5:51  Armory  
  33  5:52  SCV  
  33  5:56  SCV  
  35  6:04  SCV  
  35  6:08  SCV  
  37  6:16  Starport  
  37  6:17  SCV  
  38  6:20  SCV  
  38  6:23  Terran Vehicle And Ship Armor Level 1  
  38  6:25  Terran Vehicle Weapons Level 1  
  39  6:29  SCV, Starport Reactor  
  40  6:32  SCV  
  41  6:42  SCV  
  41  6:43  Supply Depot  
  42  6:54  Starport, Terran Ship Weapons Level 1, SCV  
  42  6:58  Thor x2  
  55  7:05  Supply Depot  
  55  7:06  SCV  
  56  7:12  Starport Reactor  
  56  7:18  SCV  
  57  7:29  Supply Depot  
  57  7:30  SCV  
  57  7:31  Starport  
  58  7:52  Supply Depot  
  58  7:56  Thor x2  
  70  8:09  Starport Reactor  
  70  8:16  Supply Depot  
  70  8:27  Viking x2  
  70  8:28  Viking x3  
  80  8:38  Supply Depot  
  80  9:01  Supply Depot  
  68  9:24  Supply Depot  
  68  9:30  Terran Vehicle And Ship Armor Level 2  
  68  9:33  Terran Vehicle Weapons Level 2  
  68  9:35  Terran Ship Weapons Level 2  
  68  9:47  Supply Depot  
  62  10:19  Command Center  
  62  10:29  Thor x2  
  74  10:37  Missile Turret  
  74  10:57  Missile Turret  
  74  11:12  Thor x2  
  74  11:16  Missile Turret  
  86  11:33  Refinery  
  86  11:37  Supply Depot  
  86  11:41  Planetary Fortress  
  86  11:59  Refinery  
  86  12:00  Supply Depot  
  58  12:22  Supply Depot  
  58  12:23  Liberator  
  58  12:24  Liberator x3  
  50  12:46  Liberator  
  37  13:07  Liberator  
Show
View Real Time Build Order
Export as new Build Order

Infamous Protoss 

Build Orders:  

Get SALT Encoding   

  12  0:01  Probe  
  13  0:15  Pylon  
  13  0:27  Probe (Chrono Boost)  
  14  0:36  Forge  
  14  0:37  Probe (Chrono Boost)  
  15  0:49  Probe  
  16  0:53  Gateway  
  16  1:09  Probe  
  17  1:27  Probe  
  17  1:29  Assimilator  
  18  1:34  Pylon  
  18  1:45  Pylon, Probe  
  18  1:46  Zealot  
  21  1:55  Cybernetics Core  
  21  1:57  Pylon  
  21  2:15  Photon Cannon  
  21  2:26  Warp Gate (Chrono Boost), Photon Cannon  
  20  2:31  Zealot  
  20  2:33  Probe  
  23  2:45  Probe, Assimilator  
  24  3:02  Probe  
  24  3:05  Adept  
  27  3:15  Nexus  
  27  3:21  Probe  
  27  3:25  Protoss Ground Weapons Level 1 (Chrono Boost)  
  28  3:38  Probe  
  29  3:50  Probe  
  29  3:51  Gateway  
  29  3:53  Gateway  
  30  4:09  Twilight Council  
  30  4:11  Probe  
  31  4:41  Probe  
  31  4:44  Probe  
  31  4:56  Probe  
  31  4:59  Probe  
  33  5:12  Protoss Ground Weapons Level 2 (Chrono Boost)  
  33  5:13  Probe x2, Pylon  
  35  5:14  Pylon  
  35  5:16  Assimilator  
  35  5:20  Adept  
  35  5:21  Adept x2  
  41  5:40  Probe x2  
  43  5:52  Probe x2  
  43  5:53  Gateway  
  43  5:54  Gateway  
  43  5:57  Gateway  
  45  6:09  Pylon, Shield Battery  
  45  6:10  Probe x2  
  47  6:20  Adept x2  
  47  6:21  Adept  
  53  6:41  Photon Cannon  
  53  6:44  Photon Cannon  
  53  6:50  Pylon  
  53  6:52  Shield Battery  
  53  6:59  Adept x3  
  53  7:00  Adept x2  
  53  7:01  Adept  
  65  7:17  Assimilator  
  65  7:22  Templar Archives  
  65  7:23  Photon Cannon  
  65  7:26  Probe  
  66  7:41  Probe  
  66  7:44  Gateway  
  67  7:48  Probe  
  68  8:02  Forge  
  68  8:12  Adept  
  70  8:14  Stalker x5  
  70  8:32  Protoss Ground Armor Level 1 (Chrono Boost)  
  66  8:37  Stalker x3  
  66  8:38  Stalker x2  
  66  8:40  Stalker  
  46  9:04  Stalker x4  
  45  9:24  Zealot x2  
  39  9:38  Nexus  
  39  9:46  Pylon  
  39  9:50  Assimilator  
  39  10:12  Cybernetics Core  
  40  10:14  Probe  
  40  10:26  Probe  
  41  10:38  Pylon  
  41  10:54  Psionic Storm  
  41  11:00  Pylon, Gateway  
  41  11:02  Gateway  
  41  11:12  Stalker  
  41  11:13  Stalker x3  
  49  11:21  Stalker  
  51  11:43  Probe, Nexus  
  52  11:53  Probe  
  53  11:55  Stalker x2  
  53  12:00  Stalker  
  59  12:07  Blink (Chrono Boost)  
  59  12:32  Probe  
  59  12:35  Probe, Protoss Ground Weapons Level 3 (Chrono Boost)  
  61  12:38  Protoss Ground Armor Level 2 (Chrono Boost)  
  61  12:49  Stalker x2  
  61  12:50  Stalker  
  61  12:51  Stalker x2  
  71  13:07  Probe  
  72  13:19  Probe  
  73  13:22  Stalker x2  
  73  13:23  Stalker x3  
  73  13:24  Stalker x2  
  87  13:48  Assimilator  
  87  13:54  Pylon  
  87  13:56  Pylon  
  87  13:58  Pylon  
  85  14:04  Zealot x4  
  85  14:05  Zealot x2  
  83  14:20  Stalker  
  83  14:23  Probe  
  86  14:32  Photon Cannon  
  86  14:33  Stalker x3  
  86  14:34  Stalker, Photon Cannon  
  86  14:35  Probe  
  86  14:36  Photon Cannon  
  95  14:38  Photon Cannon  
  84  15:25  Stalker x2  
  84  15:26  Stalker x4  
  84  15:27  Stalker  
  38  15:54  Stalker x3  
  38  15:55  Stalker x3  
  38  15:56  Stalker  
Tags
 
Add a new tag
Caveats
  • Supply blocks, unpowered buildings, or Contaminate may cause inaccurate times.
  • Supply counts are checked every 10 seconds.